 Dungeon Crawl Stone Soup version 0.28.0-47-ge53b351184 (webtiles) character file.

Game seed: 6174018844275272663

17973 Kaptain the Geomancer (level 12, -6/77 HPs)
             Began as a Gargoyle Earth Elementalist on Apr 27, 2022.
             Mangled by a sun demon (10 damage)
             ... in a volcano.
             The game lasted 00:39:51 (18582 turns).

Kaptain the Geomancer (GrEE)                       Turns: 18582, Time: 00:39:52

Health: -6/77      AC: 16    Str: 13    XL:     12   Next: 53%
Magic:  4/24       EV: 16    Int: 20    God:
Gold:   839        SH:  5    Dex: 10    Spells: 13/28 levels left

rFire   . . .      SeeInvis .   I - +7 rapier "Soofod" {vorpal, rN+}
rCold   + . .      Faith    .   b - +0 buckler
rNeg    + + +      Spirit   .   j - +0 leather armour {rC+}
rPois   ∞          Reflect  .   N - +1 hat {Will+}
rElec   +          Harm     .   s - +1 cloak
rCorr   .          Rampage  .   (no gloves)
Will    +....                   (no boots)
Stlth   ++........              (no amulet)
HPRegen 0.22/turn               f - ring of positive energy
MPRegen 0.19/turn               H - +4 ring of evasion

@: mighty, on berserk cooldown, slowed, very slow
A: sickness immunity, AC +8, negative energy resistance 1, electricity
resistance, torment resistance 1, petrification resistance
a: no special abilities


You were in a volcano.
You visited 3 branches of the dungeon, and saw 13 of its levels.
You also visited: Ossuary, Bailey and Volcano.

You collected 1631 gold pieces.
You spent 792 gold pieces at shops.

Inventory:

Hand Weapons
 e - a +1 hunting sling
 g - a +4 vorpal morningstar
 o - a +2 spear of venom
 C - a +0 vorpal broad axe
 G - a +5 scimitar of freezing
 I - the +7 rapier "Soofod" (weapon) {vorpal, rN+}
   (You took it off a kobold brigand on level 8 of the Dungeon)

   It inflicts extra damage upon your enemies.
   rN:        It protects you from negative energy.
Missiles
 c - 193 stones
 h - 89 sling bullets
 k - 2 silver javelins
 F - 7 throwing nets
Armour
 b - a +0 buckler (worn)
 j - a +0 leather armour of cold resistance (worn)
 l - +0 ice dragon scales
 s - a +1 cloak (worn)
 N - a +1 hat of willpower (worn)
Magical Staves
 E - a staff of conjuration
Jewellery
 f - a ring of positive energy (left hand)
 H - a +4 ring of evasion (right hand)
Wands
 d - a wand of acid (10)
 n - a wand of polymorph (7)
 p - a wand of mindburst (7)
 r - a wand of flame (31)
 u - a wand of digging (4)
Scrolls
 m - 2 scrolls of identify
 q - 2 scrolls of blinking
 t - a scroll of immolation
 w - 5 scrolls of teleportation
 y - a scroll of enchant weapon
 A - a scroll of fog
 D - a scroll of enchant armour
 M - a scroll of holy word
Potions
 v - a potion of brilliance
 x - a potion of flight
 B - 2 potions of mutation
 J - 2 potions of lignification
Miscellaneous
 K - a tin of tremorstones (2/2)
 L - a phial of floods


   Skills:
 * Level 9.7 Fighting
 + Level 6.6 Armour
 - Level 5.0 Dodging
 + Level 4.3 Stealth
 - Level 5.0 Shields
 * Level 8.5 Spellcasting
 * Level 9.6 Conjurations
 - Level 0.7 Transmutations
 * Level 11.2 Earth Magic


You had 13 spell levels left.
You knew the following spells:

 Your Spells              Type           Power      Damage    Failure   Level
a - Sandblast             Erth           100%       2d20      1%          1
b - Stone Arrow           Conj/Erth      100%       3d13      1%          3
c - Lee's Rapid Deconstr  Erth           26%        3d15*     3%          5
d - Iron Shot             Conj/Erth      25%        9d5       28%         6

Your spell library contained the following spells:

 Spells                   Type           Power      Damage    Failure   Level
 Passwall                 Tmut/Erth      26%        N/A       1%          2
 Beastly Appendage        Tmut           22%        N/A       10%         1
 Petrify                  Tmut/Erth      32%        N/A       11%         4
 Wereblood                Tmut           11%        N/A       14%         2
 Fulminant Prism          Conj/Hex       13%        3d9       19%         4
 Iskenderun's Mystic Bla  Conj/Tloc      27%        2d7       19%         4
 Ensorcelled Hibernation  Hex/Ice        16%        N/A       21%         2
 Scorch                   Fire           16%        2d5       21%         2
 Spider Form              Tmut/Pois      9%         N/A       34%         3
 Gell's Gravitas          Tloc           8%         N/A       36%         3
 Inner Flame              Hex/Fire       8%         N/A       36%         3
 Teleport Other           Tloc           8%         N/A       36%         3
 Anguish                  Hex/Necr       4%         N/A       78%         4
 Cause Fear               Hex            4%         N/A       78%         4
 Dispersal                Tloc           4%         N/A       100%        6
 Discord                  Hex            4%         N/A       100%        8
 Statue Form              Tmut/Erth      Unusable   N/A       N/A         6

Dungeon Overview and Level Annotations

Branches:
Dungeon (9/15)             Temple (1/1) D:4            Lair (3/6) D:9
  Swamp (0/4) Lair:2        Snake (0/4) Lair:2          Orc (0/2) D:9
Ossuary (visited)          Bailey (visited)         Volcano (1/1)

Altars:
Ashenzari
Cheibriados
Dithmenos
Elyvilon
Fedhas
Gozag
Hepliaklqana
Kikubaaqudgha
Makhleb
Nemelex Xobeh
Okawaru
Qazlal
Ru
Sif Muna
Trog
Uskayaw
Vehumet
Wu Jian
Xom
Yredelemnul
Zin
The Shining One

Shops:
D:1 (   D:2 [   D:5 :   D:6 :   D:7 (

Annotations:
Lair:2 6 runed translucent doors


Innate Abilities, Weirdness & Mutations

You are immune to sickness and miasma.
Your stone body is resilient. (AC +8)
You are immune to poison.
You resist negative energy. (rN+)
You are resistant to electric shocks. (rElec)
You are resistant to unholy torment.
You are immune to petrification.


Message History

The sun demon barely misses you.
You barely miss the sun demon.
The sun demon is severely wounded.
The steam dragon bites you but does no damage.
The steam dragon barely misses you. You block the sun demon's attack.
You are too berserk!
You barely miss the sun demon.
The sun demon is severely wounded.
The steam dragon breathes steam at you. The ball of steam hits you!
You hear a bark!
You hear an angry hiss.
You miss the sun demon.
The sun demon is severely wounded.
The sun demon hits you but does no damage.
The steam dragon closely misses you. The steam dragon barely misses you.
You are too berserk!
You puncture the sun demon!
The sun demon is almost dead.
You block the sun demon's attack.
A hell hound comes into view.
The steam dragon misses you. x2
You barely miss the sun demon.
The sun demon is almost dead.
You are no longer berserk.
You are exhausted.
You feel yourself slow down.
The sun demon hits you but does no damage.
The steam dragon completely misses you. The steam dragon misses you.
The sun demon misses you.
You feel better. The sun demon hits you.
You are engulfed in flames!
* * * LOW HITPOINT WARNING * * *
The steam dragon breathes steam at you. The ball of steam hits you.
* * * LOW HITPOINT WARNING * * *
You hear an angry hiss.
You hear a roar!
You feel very mighty all of a sudden. The sun demon hits you!
* * * LOW HITPOINT WARNING * * *
You are engulfed in flames!
You die...

#.#...§..########
#..##.......#§..##
##..##......§...§#
#..###.........§##
#..#####.........#.#..
##....##...§....3.....
##...###.#####hD.....
#....§3[# #...§..
#.§§.§@§## ..§..#
##.§...D.## §§h.#
##....§h.## #.§§#
##..§§§.≈## h§§.
##.§.§...... .
####..§§... ...§...
#...... #.....


You could see a sun demon, a steam dragon (catching breath) and a hell hound.

Vanquished Creatures
  4 hydras
  Nergalle (Lair:1)
  A sun demon (Volcano)
  A wolf spider (Lair:2)
  A cyclops (D:9)
  An elephant (Lair:2)
  2 black mambas (Lair:2)
  3 cane toads
  A komodo dragon (Lair:2)
  A troll (D:9)
  A hornet (D:8)
  7 blink frogs
  A shadow (D:8)
  Grum (Bailey)
  A wyvern (Lair:2)
  10 yaks
  4 steam dragons
  2 redbacks (Lair:2)
  3 vampire mosquitoes (D:8)
  20 water moccasins
  A hell hound (Volcano)
  2 ice beasts
  2 orc warriors
  A necrophage (D:7)
  An ogre (D:4)
  5 wolves (Bailey)
  A black bear (D:4)
  4 centaurs
  A kobold brigand (D:8)
  8 bullfrogs
  6 gnoll sergeants (Bailey)
  3 scorpions
  A killer bee (D:9)
  9 wights
  A howler monkey (D:6)
  4 electric eels
  3 centaur zombies
  6 jellies
  A bullfrog zombie (D:7)
  4 gnoll shamans (Bailey)
  11 hounds
  3 orc priests
  Crazy Yiuf (D:3)
  A centaur skeleton (D:6)
  6 orc wizards
  Natasha (thrice) (D:3)
  2 iguanas (D:6)
  A killer bee zombie (D:8)
  A hound skeleton (D:5)
  8 mummies (Ossuary)
  12 gnolls
  8 adders
  2 shadow imps
  A white imp (D:7)
  An ufetubus (D:5)
  An adder skeleton (D:4)
  2 dart slugs (D:1)
  23 orcs
  3 ball pythons
  5 bats
  18 endoplasms
  3 giant cockroaches
  2 gnoll zombies (Ossuary)
  6 goblins
  9 hobgoblins
  4 jackals (D:2)
  3 quokkas (D:2)
  4 frilled lizards
  A hobgoblin zombie (Ossuary)
  8 kobolds
  2 kobold zombies (Ossuary)
  3 orc zombies (Ossuary)
  7 rats
295 creatures vanquished.

Vanquished Creatures (others)
  A wight (D:8)
  21 fungi
  64 plants
  6 toadstools (D:3)
92 creatures vanquished.

Grand Total: 387 creatures vanquished

Notes
Turn   | Place    | Note
-------+----------+-------------------------------------------
     0 | D:1      | Kaptain the Gargoyle Earth Elementalist began the quest for
                  | the Orb.
     0 | D:1      | Reached XP level 1. HP: 10/10 MP: 3/3
    33 | D:1      | Found Liuxioch's Weapon Shop.
   228 | D:1      | Reached XP level 2. HP: 16/16 MP: 3/5
   229 | D:1      | Reached skill level 1 in Fighting
   639 | D:1      | Found a faded altar of an unknown god.
   855 | D:1      | Reached XP level 3. HP: 20/20 MP: 6/6
   859 | D:1      | Learned a level 3 spell: Stone Arrow
  1095 | D:2      | Reached skill level 4 in Earth Magic
  1321 | D:2      | Reached skill level 1 in Conjurations
  1587 | D:2      | HP: 1/20 [orc/+0 falchion (6)]
  1602 | D:1      | Reached XP level 4. HP: 2/25 MP: 1/7
  2272 | D:2      | Reached skill level 1 in Shields
  2573 | D:2      | Found Zucearri's Antique Armour Boutique.
  3003 | D:3      | Noticed Natasha
  3038 | D:3      | Killed Natasha
  3039 | D:3      | Reached skill level 1 in Armour
  3039 | D:3      | Reached XP level 5. HP: 25/30 MP: 4/8
  3090 | D:3      | Noticed Natasha
  3097 | D:3      | Killed Natasha
  3289 | D:3      | Noticed Natasha
  3323 | D:3      | Killed Natasha
  3399 | D:3      | Identified the +1 robe "Xiho" {Harm}
  3538 | D:3      | Reached XP level 6. HP: 27/36 MP: 2/10
  4069 | D:3      | Found a runed translucent door.
  4070 | D:3      | Noticed Crazy Yiuf
  4077 | D:3      | Killed Crazy Yiuf
  4285 | D:4      | Found a sand-covered staircase.
  4290 | Ossuary  | Entered an ossuary
  4437 | Ossuary  | Reached skill level 5 in Earth Magic
  5085 | D:4      | Found a staircase to the Ecumenical Temple.
  5090 | D:4      | Reached XP level 7. HP: 41/41 MP: 10/12
  5118 | Temple   | Entered the Ecumenical Temple
  7295 | D:5      | Entered Level 5 of the Dungeon
  7544 | D:5      | Reached XP level 8. HP: 48/48 MP: 8/13
  7647 | D:5      | Found Doungil's Book Shoppe.
  7655 | D:5      | Bought a book of Blasting for 384 gold pieces
  7661 | D:5      | Learned a level 5 spell: Lee's Rapid Deconstruction
  8087 | D:5      | Found a sparkling altar of Nemelex Xobeh.
  8452 | D:6      | Reached skill level 6 in Earth Magic
  9038 | D:6      | Found Paor's Book Shop.
  9083 | D:6      | Reached XP level 9. HP: 51/53 MP: 6/16
  9088 | D:6      | Reached skill level 5 in Fighting
  9156 | D:6      | Reached skill level 5 in Spellcasting
  9288 | D:6      | Reached skill level 5 in Conjurations
  9731 | D:7      | Reached skill level 7 in Earth Magic
 10136 | D:7      | Found Liuh's Antique Weapon Boutique.
 11513 | D:8      | Reached XP level 10. HP: 50/60 MP: 3/18
 11523 | D:8      | Reached skill level 8 in Earth Magic
 12064 | D:8      | Identified the +7 rapier "Soofod" {vorpal, rN+}
 12383 | D:9      | Identified a scroll of acquirement
 12383 | D:9      | Acquired 658 gold pieces
 12529 | D:9      | Found a flagged portal.
 12540 | Bailey   | Entered a bailey
 12982 | Bailey   | Noticed Grum
 12991 | Bailey   | Killed Grum
 13231 | Bailey   | Reached skill level 5 in Shields
 13231 | Bailey   | Reached skill level 9 in Earth Magic
 13634 | D:9      | Reached skill level 5 in Armour
 13771 | D:9      | Found a staircase to the Lair.
 13876 | D:6      | Bought Sif Muna's Collected Works on the Blaze and Clay for
                  | 408 gold pieces
 13883 | D:6      | Learned a level 6 spell: Iron Shot
 13987 | D:9      | Reached XP level 11. HP: 67/67 MP: 17/21
 14083 | D:9      | Found a staircase to the Orcish Mines.
 14377 | D:9      | Noticed a cyclops
 14377 | D:9      | Noticed a cyclops
 14415 | D:9      | Killed a cyclops
 14556 | Lair:1   | Entered Level 1 of the Lair of Beasts
 14685 | Lair:1   | Noticed Nergalle
 14692 | Lair:1   | Found a sparkling altar of Nemelex Xobeh.
 15157 | Lair:1   | Killed Nergalle
 15307 | Lair:1   | Noticed an eight-headed hydra
 15316 | Lair:1   | Killed an eight-headed hydra
 15834 | Lair:1   | Noticed an eight-headed hydra
 15840 | Lair:1   | Killed an eight-headed hydra
 15841 | Lair:1   | Reached skill level 10 in Earth Magic
 16238 | Lair:2   | Noticed a four-headed hydra
 16246 | Lair:2   | Killed a four-headed hydra
 16366 | Lair:2   | Found a staircase to the Swamp.
 16418 | Lair:2   | Reached skill level 5 in Dodging
 16551 | Lair:2   | Found a runed translucent door.
 16570 | Lair:2   | Noticed a wolf spider
 16576 | Lair:2   | Killed a wolf spider
 16764 | Lair:2   | Found a runed translucent gate.
 16764 | Lair:2   | Noticed a boulder beetle
 16765 | Lair:2   | Found a runed translucent gate.
 16766 | Lair:2   | Found a runed translucent gate.
 16766 | Lair:2   | Found a runed translucent gate.
 16766 | Lair:2   | Found a runed translucent gate.
 16766 | Lair:2   | Noticed a boulder beetle
 16766 | Lair:2   | Noticed a lindwurm
 16766 | Lair:2   | Noticed a lindwurm
 16773 | Lair:2   | Found a runed translucent gate.
 16813 | Lair:2   | Reached XP level 12. HP: 76/76 MP: 16/23
 16957 | Lair:2   | Noticed an eight-headed hydra
 16962 | Lair:2   | Killed an eight-headed hydra
 17491 | Lair:2   | Found a staircase to the Snake Pit.
 18063 | Lair:2   | Reached skill level 11 in Earth Magic
 18500 | Lair:3   | Found a dark tunnel.
 18507 | Volcano  | Entered a volcano
 18548 | Volcano  | Noticed a sun demon
 18562 | Volcano  | Killed a sun demon
 18565 | Volcano  | Noticed a sun demon
 18582 | Volcano  | Mangled by a sun demon

Illustrated notes

Levels and vault maps discovered:
D:1:      wander_arrival_fairy_ring, layout_basic, basic_ecumenical_altar,
          serial_shops, nicolae_square_shop, dk_noncrumbling_4
D:2:      cheibrodos_pilgrimage, layout_loops_ring, serial_shops,
          nicolae_lakefront_shop, st_stairs_14, kennysheep_donut,
          hangedman_decor_growths
D:3:      cheibrodos_fertilizer, layout_rooms, minivault_11, interstate_on_off,
          uniq_crazy_yiuf_cottage, uniq_natasha
D:4:      layout_layer_cave, minmay_temple_entry_mini_moons, enter_ossuary_2,
          chequers_mini_garden
D:5:      layout_loops_ring, nemelex_spade_bored_becter, serial_shops, shop,
          minivault_27
D:6:      layout_basic, serial_shops, shop, nicolae_figureground_pulse
D:7:      layout_cave_pools, serial_shops,
          nicolae_shop_temple_entry_statues_fountains
D:8:      layout_loops_cross, hangedman_decor_points, nrook_uturn,
          kennysheep_kite_vault
D:9:      layout_roguey, erik_lair_island, enter_bailey_2, grunt_tough_drop
Temple:   mainiacjoe_temple_starburst
Lair:1:   layout_gridlike, basic_altar, uniq_nergalle
Lair:2:   gammafunk_indiana_jones, layout_regular_city, swamp_mist_pool,
          minmay_snake_entry_six_corridors, serial_forest,
          infiniplex_forest_lined_1, infiniplex_forest_end_double,
          infiniplex_forest_diagonal, infiniplex_forest_lined_3,
          infiniplex_forest_clump_curved, infiniplex_forest_straight_4,
          infiniplex_forest_diagonal, infiniplex_forest_straight_4
Lair:3:   layout_gridlike, enter_volcano_1, forest_entry_grove,
          infiniplex_staircase_pool
Volcano:  hellmonk_smoking_crater

Skill      XL: |  1  2  3  4  5  6  7  8  9 10 11 12 |
---------------+-------------------------------------+-----
Fighting       | 1 2 3 4 6 7 9 |  9.7
Earth Magic    | 4 5 6 7 9 10 11 | 11.2
Conjurations   | 1 2 3 4 6 7 8 9 |  9.6
Dodging        | 2 3 4 5 |  5.0
Shields        | 1 2 3 4 5 |  5.0
Armour         | 1 2 3 4 5 6 |  6.6
Spellcasting   | 3 4 5 6 7 8 |  8.5
Stealth        | 3 4 |  4.3
Transmutations | |  0.7

Action                   |  1- 3 |  4- 6 |  7- 9 | 10-12 || total
-------------------------+-------+-------+-------+-------++-------
Melee: Unarmed           |    11 |       |       |       ||    11
       War axe           |     7 |     5 |       |       ||    12
       Spear             |       |     1 |    70 |       ||    71
       Scimitar          |       |       |       |    13 ||    13
       Rapier            |       |       |       |    43 ||    43
       Staff             |       |       |       |     9 ||     9
 Fire: Hunting sling     |    68 |    83 |    50 |       ||   201
 Cast: Sandblast         |    33 |    44 |   116 |    66 ||   259
       Stone Arrow       |       |    17 |    55 |   164 ||   236
       Lee's Rapid Decon |       |       |       |    18 ||    18
  Use: Scroll            |     1 |    10 |     5 |     8 ||    24
       Potion            |     1 |       |     2 |     9 ||    12
Armor: Robe              |    10 |       |       |       ||    10
       Leather armour    |    15 |     8 |    69 |    72 ||   164
       Skin              |       |     2 |       |       ||     2
Dodge: Dodged            |    27 |    18 |   100 |   134 ||   279
Block: Buckler           |       |       |    31 |    45 ||    76
